 Dungeon Crawl Stone Soup version 0.31-a0-182-gc5ef74bbde (webtiles) character file.

Game seed: 8912188323740407837

97 Moral the Sneak (level 4, -7/27 HPs)
             Began as a Vampire Brigand on June 22, 2023.
             Mangled by a river rat (9 damage)
             ... in a sewer.
             The game lasted 00:08:15 (2528 turns).

Moral the Sneak (Vampire Brigand)                   Turns: 2528, Time: 00:08:15

Health: -7/27      AC:  0    Str:  7 (10) XL:     4   Next: 42%
Magic:  4/4        EV: 20    Int:  9 (13) God:
Gold:   154        SH:  0    Dex: 18 (22) Spells: 3/3 levels left

rFire   . . .        t - melded +2 dagger (venom)
rCold   + + .        (shield currently unavailable)
rNeg    + + +        b - melded +0 robe
rPois   ∞            (helmet currently unavailable)
rElec   .            c - melded +0 cloak
rCorr   .            (gloves currently unavailable)
SInv    +            (boots currently unavailable)
Will    .....        (no amulet)
Stlth   ++++++       r - melded ring of resist corrosion
HPRegen 0.00/turn    (ring currently unavailable)
MPRegen 0.09/turn

%: no passive effects
@: bat-form, flying, bloodless, inhibited regen, very quick
A: fast, flying, no casting, tiny, bloodless, fangs 3, see invisible, vampiric 2
a: Revivify, End Transformation


You were in a sewer.
You were a vampire bat.
You visited 1 branch of the dungeon, and saw 3 of its levels.
You also visited: Sewer.

You collected 154 gold pieces.

Inventory:

Hand Weapons
 t - a +2 dagger of venom (melded)
Missiles
 d - 22 poisoned darts (quivered)
 e - 3 curare-tipped darts
Armour
 b - a +0 robe (melded)
 c - a +0 cloak (melded)
Jewellery
 r - a ring of resist corrosion (melded)
Scrolls
 a - a scroll of fear {unknown}
 f - 2 scrolls of identify {unknown}
 h - a scroll of acquirement {unknown}
 k - a scroll of torment {unknown}
 m - 2 scrolls of enchant armour {unknown}
 o - a scroll of vulnerability {unknown}
 p - a scroll of teleportation {unknown}
 q - a scroll of brand weapon {unknown}
Potions
 g - a potion of enlightenment {unknown}
 l - a potion of degeneration {unknown}
 n - 2 potions of curing
 s - a potion of mutation


   Skills:
 + Level 2.6 Fighting
 + Level 3.1 Short Blades
 - Level 1.5 Throwing
 + Level 2.5 Dodging
 + Level 6.7 Stealth


You had 3 spell levels left.
You didn't know any spells.
Your spell library contained the following spells:

 Spells                   Type           Power      Damage    Failure   Level
 Summon Small Mammal      Summ           0%         N/A       38%         1
 Call Canine Familiar     Summ           0%         N/A       77%         3
 Summon Guardian Golem    Hex/Summ       0%         N/A       77%         3


Dungeon Overview and Level Annotations

Branches:
Dungeon (3/15)              Sewer (1/1)

Altars:


Innate Abilities, Weirdness & Mutations

You are a vampire bat.
You are tiny and dextrous.
You move quickly.
You are flying.
You are immune to poison.
Your equipment is almost entirely melded.
You are incapable of wielding weapons or throwing items.
You cannot cast spells.
You do not regenerate when monsters are visible.
You are frail without blood (-20% HP).
You can heal yourself when you bite living creatures.
You are immune to poison.
You have razor-sharp teeth.
You have supernaturally acute eyesight. (SInv)
You are afflicted with vampirism and can become a bat while bloodless.


Message History

The bat hits you. The bat misses you.
You closely miss the bat. You bite the bat.
You kill the bat!
Turning back right now would cause you to drown!
You start resting.
HP restored.
You reach down and open the large door. 3 river rats come into view.
A river rat comes into view.
The river rat twitches its whiskers.
You reach down and open the large door.
Found four items.
The river rat bites you.
There is a large open door here.
You see here a potion of mutation.
You see here a scroll of noise.
You see here a potion of mutation.
The river rat bites you!
You see here a scroll labelled EROM NUVVENOWO.
The river rat barely misses you.
You see here a scroll labelled MIMAVO BIORCH.
a - a scroll labelled MIMAVO BIORCH The river rat misses you.
The river rat closely misses you.
You hit the river rat but do no damage. The river rat barely misses you.
The river rat misses you.
You hit the river rat but do no damage. The river rat misses you. x2
You hit the river rat but do no damage.
You bite the river rat, but do no damage.
The river rat misses you. The river rat closely misses you.
You hit the river rat but do no damage. The river rat barely misses you.
The river rat bites you.
You hit the river rat but do no damage. The river rat bites you!
* * * LOW HITPOINT WARNING * * *
The river rat bites you.
* * * LOW HITPOINT WARNING * * *
You hit the river rat but do no damage. The river rat misses you.
The river rat completely misses you.
You completely miss the river rat. The river rat bites you!
You die...

~~~~~~~.~~r~~w~~.~.~~~≈~≈≈≈≈≈≈≈≈≈
#####################~≈~#########
###### #~≈~# #...r #~≈.#
++#####''#####~≈~#
...........~~~~~.#
............~~~~.#
++#####'r#####~≈~#


#?rrb# #~≈.# ###### #w≈.# #~≈~# ~~≈~# ≈.≈.# .~~≈~# You could see 3 river rats.

Vanquished Creatures
  4 adders
  2 worms
  5 endoplasms
  A giant cockroach (Sewer)
  5 goblins
  5 hobgoblins
  2 jackals (D:2)
  2 quokkas (D:1)
  10 ball pythons
  6 bats
  2 frilled lizards (D:1)
  6 kobolds
  6 rats
56 creatures vanquished.

Notes
Turn   | Place    | Note
-------+----------+-------------------------------------------
     0 | D:1      | Moral the Vampire Brigand began the quest for the Orb.
     0 | D:1      | Reached XP level 1. HP: 16/16 MP: 1/1
   126 | D:1      | Reached skill level 6 in Stealth
   209 | D:1      | Reached XP level 2. HP: 20/22 MP: 2/2
  1140 | D:2      | Gained mutation: You are afflicted with vampirism and can
                  | become a bat while bloodless. [Vampire growth]
  1140 | D:2      | Reached XP level 3. HP: 27/27 MP: 3/3
  2025 | D:3      | Reached XP level 4. HP: 23/27 MP: 4/4
  2129 | D:3      | Found a glowing drain.
  2205 | D:3      | HP: 1/27 [worm (8)]
  2225 | Sewer    | Entered a sewer
  2528 | Sewer    | Mangled by a river rat

Illustrated notes

Levels and vault maps discovered:
D:1:      matt_arrival_refuge, layout_basic, chequers_serial_rivers_micro_d,
          wad_floor_pattern_untrapped
D:2:      layout_loops_ring
D:3:      layout_loops_ring, portal_sewer_entry_c, minmay_rat_hole, uniq_robin
Sewer:    sewer_fruit_machine

Skill      XL: |  1  2  3 |
---------------+----------+-----
Fighting       | 2 |  2.6
Stealth        | 6 |  6.7
Dodging        | 2 |  2.5
Short Blades   | 3 |  3.1
Throwing       | |  1.5

Action                     |  1- 3 |  4- 6 || total
---------------------------+-------+-------++-------
  Melee: Dagger            |   135 |    64 ||   199
         Bite              |    13 |     6 ||    19
         Unarmed           |       |     9 ||     9
Ability: Bat Form          |     1 |     1 ||     2
         End Transformatio |     1 |       ||     1
         Exsanguinate      |     1 |       ||     1
    Use: Potion            |       |     3 ||     3
   Stab: Sleeping          |    12 |     2 ||    14
         Distracted        |     1 |       ||     1
 Armour: Robe              |    24 |    23 ||    47
  Dodge: Dodged            |    83 |    61 ||   144

Table legend: (Time is in decaauts)
 A = Elapsed time spent in this place.
 B = Non-inter-level travel time spent in this place.
 C = Inter-level travel time spent in this place.
 D = Time resting spent in this place.
 E = Time spent auto-exploring this place.
 F = Levels seen in this place.
 G = Mean time per level.
                   A        B        C        D        E       F      G
               +--------+--------+--------+--------+--------+-----+--------+
         Total |   2495 |   2421 |     74 |    204 |   1496 |   4 |  623.8 |
       Dungeon |   2185 |   2111 |     74 |     90 |   1495 |   3 |  728.3 |
         Sewer |    310 |    310 |      0 |    114 |      1 |   1 |  310.0 |
               +--------+--------+--------+--------+--------+-----+--------+

Top non-repeatable levels by time:
     D:2: 1008 daAuts
     D:1: 922 daAuts
   Sewer: 310 daAuts
     D:3: 254 daAuts
